 Dungeon Crawl Stone Soup version 0.32-a0-560-g4c7f4391e0 (webtiles) character file.

Game seed: 9439864219423964581

630 BeKind the Caller (level 7, -2/45 HPs)
             Began as an Octopode Summoner on Feb 29, 2024.
             Was an Initiate of Gozag.
             Shot with an arrow by a centaur (12 damage)
             ... on level 4 of the Dungeon.
             The game lasted 00:15:15 (7483 turns).

BeKind the Caller (Octopode Summoner)               Turns: 7483, Time: 00:15:17

Health: -2/45      AC:  1    Str:  7    XL:     7   Next: 48%
Magic:  7/12       EV: 14    Int: 17    God:    Gozag
Gold:   654        SH:  0    Dex: 15    Spells: 6/13 levels left

rFire   x . .        d - +1 hand axe (flame)
rCold   + . .        (no shield)
rNeg    . . .        (helmet restricted)
rPois   .            (no amulet)
rElec   .            m - ring of ice
rCorr   .            (no ring)
SInv    .            (no ring)
Will    .....        (no ring)
Stlth   +++          (no ring)
HPRegen 0.27/turn    (no ring)
MPRegen 0.13/turn    (no ring)
                     (no ring)

%: no passive effects
@: lethally poisoned (-2 -> -20), gold aura
A: almost no armour, amphibious, 8 rings, camouflage 1, gelatinous body 1,
(nimble swimmer 1), tentacles
a: Renounce Religion, Potion Petition, Call Merchant, Bribe Branch


You were on level 4 of the Dungeon.
You worshipped Gozag.
Gozag was pleased with you.
You visited 1 branch of the dungeon, and saw 5 of its levels.

You collected 679 gold pieces.
You paid 25 gold pieces to Gozag.

Inventory:

Hand Weapons
 b - a +0 falchion
 d - a +1 hand axe of flaming (weapon)
 g - a +1 mace of protection
 s - a +0 scimitar
Jewellery
 m - a ring of ice (left tentacle)
Talismans
 n - a blade talisman
Wands
 j - a wand of polymorph (6)
Scrolls
 e - a scroll of blinking
 h - a scroll of poison {unknown}
 l - a scroll of brand weapon {unknown}
 o - a scroll of amnesia
 r - a scroll of enchant weapon
 t - a scroll of torment {unknown}
 v - a scroll of silence {unknown}
Potions
 a - 3 potions of magic


   Skills:
 + Level 2.1 Fighting
 + Level 4.1 Dodging
 - Level 2.7 Stealth
 + Level 3.7 Spellcasting
 + Level 5.4 Summonings
 - Level 2.0 Fire Magic
 * Level 2.8 Air Magic


You had 6 spell levels left.
You knew the following spells:

 Your Spells              Type           Power      Damage    Failure   Level
a - Summon Small Mammal   Summ           84%        N/A       1%          1
b - Summon Blazeheart Go  Fire/Summ      15%        N/A       34%         4
c - Mercury Vapours       Alch/Air       16%        N/A       14%         2

Your spell library contained the following spells:

 Spells                   Type           Power      Damage    Failure   Level
 Call Imp                 Summ           42%        N/A       2%          2
 Call Canine Familiar     Summ           21%        N/A       5%          3
 Static Discharge         Conj/Air       16%        3-4/arc   14%         2
 Apportation              Tloc           6%         N/A       16%         1
 Necrotise                Necr           12%        1d4       16%         1
 Sandblast                Erth           6%         2d5       16%         1
 Jinxbite                 Hex            6%         N/A       24%         2
 Summon Lightning Spire   Summ/Air       17%        N/A       30%         4
 Mephitic Cloud           Conj/Alch/Air  6%         N/A       32%         3
 Dazzling Flash           Conj/Hex       6%         N/A       43%         3
 Passwall                 Erth           3%         N/A       43%         3
 Stone Arrow              Conj/Erth      6%         3d7       43%         3
 Vampiric Draining        Necr           3%         2d6       43%         3
 Airstrike                Air            6%         2d(1-17)  45%         4
 Martyr's Knell           Necr/Summ      12%        N/A       47%         4
 Vhi's Electric Charge    Tloc/Air       16%        N/A       65%         4
 Brom's Barrelling Bould  Conj/Erth      3%         2d3       85%         4
 Arcjolt                  Conj/Air       4%         1d14      94%         5
 Silence                  Hex/Air        4%         N/A       94%         5
 Freezing Cloud           Conj/Ice/Air   4%         6-21      97%         5
 Alistair's Intoxication  Alch           2%         N/A       99%         5
 Curse of Agony           Necr           3%         N/A       99%         5
 Maxwell's Capacitive Co  Air            6%         ∞         100%        8


Dungeon Overview and Level Annotations

Branches:
Dungeon (5/15)
 Temple: D:4-7

Altars:
Gozag
Vehumet
Xom

Shops:
D:1 ?   D:4 (

Annotations:
D:4 jboons's ghost, amateur DrEE


Innate Abilities, Weirdness & Mutations

You cannot wear most types of armour.
You are amphibious.
You can wear up to eight rings at the same time.
Your skin changes colour to match your surroundings (Stealth+).
Your rubbery body absorbs attacks. (AC +1, EV +1)
((You are camouflaged when in or above water. (Stealth+)))
You have tentacles for arms and can constrict up to eight enemies at once.


Message History

Jboons's ghost says, "All of the earth is under my command."
HP restored.
Casting: Summon Blazeheart Golem (quite dangerous; 34% risk of failure)
Confirm with . or Enter, or press ? or * to list all spells.
A fiery spirit appears, bound in slag iron.
You open the gate.
Your rat bites jboons's ghost but does no damage.
Your blazeheart golem punches jboons's ghost!!
You closely miss jboons's ghost. Your squeeze misses jboons's ghost.
Jboons's ghost is heavily damaged.
You hit the ball python. You burn the ball python.
The ball python barely misses you. The ball python closely misses you.
Jboons's ghost hits you but does no damage.
You are poisoned.
Your quokka bites the ball python.
The ball python dies!
Your rat barely misses jboons's ghost.
Jboons's ghost hits you.
You are more poisoned.
You hit jboons's ghost but do no damage.
You squeeze jboons's ghost, but do no damage.
Jboons's ghost is heavily damaged.
You hit the goblin. You burn the goblin.
You kill the goblin!
You feel very sick.
The centaur wields a +0 shortbow.
The centaur shoots an arrow.
The arrow hits you!
Your blazeheart golem barely misses jboons's ghost.
Your rat bites jboons's ghost but does no damage.
The centaur shoots an arrow.
The arrow hits your quokka.
Your quokka dies!
Your quokka's corpse disappears in a puff of smoke!
Jboons's ghost hits you.
You are lethally poisoned!
You hit jboons's ghost. You squeeze jboons's ghost!
Jboons's ghost is severely damaged.
* * * LOW HITPOINT WARNING * * *
You feel extremely sick.
The centaur shoots an arrow.
The arrow hits you!
You die...
Your body crumbles into a pile of gold.

####..### ###...##.###ß###
........### #......#......
#####.#...# ##............
#..##.##### ###(#.###......
######.##.....#####......#..#ß###
........#####...............#####
..###.#..###..#####.#.##.#.....<.
#......................[..#...>)#
######.........9@r......#.......#
# ##......###W$'###...........
### ####....#..J§c..#...........
..####.......#.......#.......##..
#....#.####..#.#...#.#..##...#ß..
.......# #..#..#.#..#..#..#.##..
##.....# #..#.#...#.#....#..##..
...##..# #..#..$)...#..##..###..
.####..####..#.......#.....## ß..


You could see a centaur, jboons's ghost (ally target), an endoplasm, a friendly
blazeheart golem (summoned) and a friendly rat (summoned).

Vanquished Creatures
  2 ice beasts
  A bombardier beetle (D:4)
  A gnoll bouda (D:4)
  An orc priest (D:5)
  3 hounds
  An iguana (D:4)
  An orc wizard (D:4)
  6 gnolls
  6 adders
  A white imp (D:5)
  An ufetubus (D:5)
  A ribbon worm (D:3)
  5 orcs
  5 ball pythons
  4 endoplasms
  3 giant cockroaches
  9 goblins
  2 hobgoblins
  2 jackals (D:2)
  2 quokkas
  4 bats
  2 frilled lizards
  3 kobolds
  7 rats
73 creatures vanquished.

Vanquished Creatures (collateral kills)
  A gnoll (D:5)
  A white imp (D:5)
  2 ribbon worms
  An orc (D:3)
  A bat (D:1)
  An endoplasm (D:3)
  A hobgoblin (D:2)
  A kobold (D:3)
  A ball python (D:4)
10 creatures vanquished.

Vanquished Creatures (others)
  A gnoll bouda (D:5)
  A hound (D:5)
  A jelly (D:5)
  An iguana (D:5)
  An adder (D:5)
  A dart slug (D:5)
6 creatures vanquished.

Grand Total: 89 creatures vanquished

Notes
Turn   | Place    | Note
-------+----------+-------------------------------------------
     0 | D:1      | BeKind the Octopode Summoner began the quest for the Orb.
     0 | D:1      | Reached XP level 1. HP: 11/11 MP: 3/3
   150 | D:1      | Found a faded altar of an unknown god.
   207 | D:1      | Reached XP level 2. HP: 17/17 MP: 3/5
   361 | D:1      | Found The Oracle's Delphic Readings.
   926 | D:2      | Reached XP level 3. HP: 21/21 MP: 2/6
  1019 | D:2      | Found an opulent altar of Gozag.
  1031 | D:2      | Became a worshipper of Gozag Ym Sagoz the Greedy
  1207 | D:2      | Reached XP level 4. HP: 16/27 MP: 4/8
  1995 | D:3      | Learned a level 4 spell: Summon Blazeheart Golem
  2190 | D:3      | Found a radiant altar of Vehumet.
  2510 | D:3      | Reached skill level 1 in Fire Magic
  2510 | D:3      | Reached XP level 5. HP: 32/32 MP: 1/9
  3510 | D:4      | Found Noxot's Weapon Emporium.
  3613 | D:4      | Found a runed translucent gate.
  3613 | D:4      | Found a runed translucent gate.
  3615 | D:4      | Noticed a centaur
  3617 | D:4      | Noticed jboons's ghost (amateur DrEE)
  3642 | D:4      | Learned a level 2 spell: Mercury Vapours
  3789 | D:4      | Reached skill level 1 in Fighting
  3789 | D:4      | Reached skill level 5 in Summonings
  3789 | D:4      | Reached XP level 6. HP: 38/38 MP: 8/10
  3915 | D:4      | Found a runed translucent gate.
  4699 | D:5      | Entered Level 5 of the Dungeon
  4704 | D:5      | Reached skill level 1 in Air Magic
  4707 | D:5      | Noticed an ice beast
  5083 | D:5      | Noticed a two-headed ogre
  5638 | D:5      | Noticed an ice beast
  6122 | D:5      | Found a shimmering altar of Xom.
  6146 | D:5      | Killed an ice beast
  6147 | D:5      | Reached XP level 7. HP: 28/44 MP: 12/12
  7483 | D:4      | Shot with an arrow by a centaur

Illustrated notes

Levels and vault maps discovered:
D:1:      nagdon_arrival_zigzag_paths, layout_basic,
          hellmonk_ecumenical_altar_prayer_group, nicolae_nh_oracle_at_delphi
D:2:      mumra_celtic_spiral_tile, layout_loops_ring, basic_altar,
          cheibrodos_gnoll_hut
D:3:      layout_loops_ring, lemuel_doored_altar, serial_bayou,
          serial_bayou_pond_b, serial_bayou_shore_b, serial_bayou_lagoon_a,
          serial_bayou_shore_a, serial_bayou_lagoon_b, serial_bayou_lake_a
D:4:      layout_rooms, serial_shops, nicolae_shop_window_shopping,
          gammafunk_ghost_split, serial_corexii_hall,
          chequers_hall_statues_wall_a, chequers_hall_statues_wall_a,
          corexii_hall_statues_i, corexii_hall_statues_deadend,
          corexii_hall_statues_x, chequers_hall_statues_y
D:5:      layout_gridville, xom_confusion_cloud, minmay_temple_entry_trees

Skill      XL: |  1  2  3  4  5  6  7 |
---------------+----------------------+-----
Dodging        | 3 4 |  4.1
Spellcasting   | 3 |  3.7
Fire Magic     | 1 2 |  2.0
Fighting       | 1 2 |  2.1
Summonings     | 5 |  5.4
Air Magic      | 2 |  2.8
Stealth        | |  2.7

Action                     |  1- 3 |  4- 6 |  7- 9 || total
---------------------------+-------+-------+-------++-------
  Melee: Falchion          |    19 |       |       ||    19
         Tentacles         |    12 |    19 |     8 ||    39
         Constrict         |    11 |    30 |     4 ||    45
         Unarmed           |     1 |       |       ||     1
         Mace              |    24 |    79 |       ||   103
         Hand axe          |       |    16 |    23 ||    39
   Cast: Summon Small Mamm |    24 |   107 |     6 ||   137
         Mercury Vapours   |       |     1 |       ||     1
         Summon Blazeheart |       |       |     3 ||     3
    Use: Potion            |       |     6 |     1 ||     7
         Scroll            |       |     4 |     1 ||     5
   Stab: Sleeping          |     4 |     1 |       ||     5
         Distracted        |       |     3 |       ||     3
 Armour: Skin              |    31 |    51 |    23 ||   105
  Dodge: Dodged            |    43 |    95 |    23 ||   161

Table legend: (Time is in decaauts)
 A = Elapsed time spent in this place.
 B = Non-inter-level travel time spent in this place.
 C = Inter-level travel time spent in this place.
 D = Time resting spent in this place.
 E = Time spent auto-exploring this place.
 F = Levels seen in this place.
 G = Mean time per level.
                   A        B        C        D        E       F      G
               +--------+--------+--------+--------+--------+-----+--------+
         Total |   7535 |   6862 |    673 |   2292 |   3523 |   5 | 1507.0 |
       Dungeon |   7535 |   6862 |    673 |   2292 |   3523 |   5 | 1507.0 |
               +--------+--------+--------+--------+--------+-----+--------+

Top non-repeatable levels by time:
     D:4: 3477 daAuts
     D:3: 1451 daAuts
     D:2: 1377 daAuts
     D:1: 673 daAuts
     D:5: 555 daAuts
